 Dungeon Crawl Stone Soup version 0.30-a0-39-g42789b21ef (webtiles) character file.

Game seed: 4407614036076916230

10758 ytrimaz the Transmogrifier (level 11, -5/81 HPs)
             Began as an Octopode Transmuter on Aug 29, 2022.
             Slain by a centaur warrior (6 damage)
             ... on level 11 of the Dungeon.
             The game lasted 00:22:40 (16229 turns).

ytrimaz the Transmogrifier (Octopode Transmuter)   Turns: 16229, Time: 00:22:40

Health: -5/81      AC: 26    Str:  7    XL:     11   Next: 67%
Magic:  20/25      EV: 27    Int: 27    God:
Gold:   186        SH:  0    Dex: 12    Spells: 15/30 levels left

rFire   . . .      SeeInvis .      - Unarmed
rCold   + . .      Faith    .    (no shield)
rNeg    + . .      Spirit   .    (helmet restricted)
rPois   ∞          Reflect  .    e - amulet of the acrobat
rElec   +          Harm     .    m - ring of willpower
rCorr   .          Rampage  .    r - +6 ring of intelligence
Will    +....                    z - ring of poison resistance
Stlth   ++........               A - ring of protection from cold
HPRegen 0.23/turn                (no ring)
MPRegen 0.19/turn                (no ring)
                                 (no ring)
                                 (no ring)

@: statue-form, wereblooded, acrobatic, very slow
A: slow and powerful, torment resistance 1, boosted hp, almost no armour,
amphibious, 8 rings, camouflage 1, (gelatinous body 1), (nimble swimmer 1),
tentacles, weak 1
a: End Transformation


You were on level 11 of the Dungeon.
You were a living statue of rough stone.
You visited 2 branches of the dungeon, and saw 12 of its levels.
You also visited: Ossuary.

You collected 966 gold pieces.
You spent 780 gold pieces at shops.

Inventory:

Missiles
 f - 2 throwing nets
Jewellery
 b - an amulet of faith
 e - an amulet of the acrobat (around mantle)
 m - a ring of willpower (left tentacle)
 r - a +6 ring of intelligence (right tentacle)
 z - a ring of poison resistance (on tentacle)
 A - a ring of protection from cold (on tentacle)
Wands
 a - a wand of polymorph (4)
 p - a wand of iceblast (16)
 v - a wand of light (10)
 B - a wand of flame (6)
 E - a wand of mindburst (4)
Scrolls
 d - 3 scrolls of enchant armour
 h - 3 scrolls of enchant weapon
 k - a scroll of blinking
 n - 4 scrolls of teleportation
 q - a scroll of brand weapon
 s - 2 scrolls of silence
 t - a scroll of magic mapping
 u - 2 scrolls of poison
 y - 3 scrolls of amnesia
 D - a scroll of noise
Potions
 c - 4 potions of attraction
 g - 4 potions of flight
 i - 2 potions of might
 j - 3 potions of curing
 l - a potion of ambrosia
 o - 3 potions of brilliance
 x - a potion of mutation
 C - a potion of haste


   Skills:
 - Level 1.0 Fighting
 - Level 2.0 Dodging
 + Level 8.2 Unarmed Combat
 - Level 10.0 Spellcasting
 - Level 10.0 Transmutations
 - Level 4.0 Ice Magic
 + Level 6.0 Earth Magic
 - Level 4.0 Poison Magic


You had 15 spell levels left.
You knew the following spells:

 Your Spells              Type           Power      Damage    Failure   Level
a - Ice Form              Ice/Tmut       50%        N/A       2%          4
b - Wereblood             Tmut           61%        N/A       1%          2
c - Spider Form           Tmut/Pois      50%        N/A       1%          3
d - Statue Form           Tmut/Erth      36%        N/A       24%         6

Your spell library contained the following spells:

 Spells                   Type           Power      Damage    Failure   Level
 Beastly Appendage        Tmut           100%       N/A       1%          1
 Petrify                  Tmut/Erth      54%        N/A       1%          4
 Ozocubu's Armour         Ice            35%        N/A       2%          3
 Apportation              Tloc           26%        N/A       4%          1
 Slow                     Hex            52%        N/A       4%          1
 Inner Flame              Hex/Fire       13%        N/A       13%         3
 Metabolic Englaciation   Hex/Ice        12%        N/A       45%         5
 Enfeeble                 Hex            6%         N/A       100%        7
 Ozocubu's Refrigeration  Ice            17%        4d11      100%        7
 Discord                  Hex            6%         N/A       100%        8


Dungeon Overview and Level Annotations

Branches:
Dungeon (11/15)            Temple (1/1) D:7             Orc (0/2) D:9
Ossuary (visited)
   Lair: D:8-11

Altars:
Ashenzari
Cheibriados
Dithmenos
Elyvilon
Fedhas
Gozag
Hepliaklqana
Kikubaaqudgha
Makhleb
Nemelex Xobeh
Okawaru
Qazlal
Ru
Sif Muna
Trog
Uskayaw
Vehumet
Wu Jian
Xom
Yredelemnul
Zin
The Shining One

Shops:
D:4 *   D:8 *   D:9 (   D:10 (!

Annotations:
D:3 1 runed translucent door, Crazy Yiuf
D:4 2 transporters
D:9 Erolcha


Innate Abilities, Weirdness & Mutations

You are a living statue of rough stone.
Your actions are slow, but your melee attacks are powerful.
You are resistant to unholy torment.
Your maximum health is greatly increased.
You are immune to poison.
You cannot wear most types of armour.
You are amphibious.
You can wear up to eight rings at the same time.
Your skin changes colour to match your surroundings (Stealth+).
((Your rubbery body absorbs attacks. (AC +1, EV +1)))
((You are camouflaged when in or above water. (Stealth+)))
You have tentacles for arms and can constrict up to eight enemies at once.
You are weak. (Str -2)


Message History

You kill the troll!
The centaur shoots an arrow.
The centaur wields a +0 shortbow.
The centaur shoots an arrow.
Something hits you but does no damage.
Deactivating autopickup; reactivate with Ctrl-A.
The centaur closely misses you. x2; Something hits you but does no damage.
The centaur wields a +0 shortbow.
The centaur shoots an arrow. x2
Reactivating autopickup.
The acid dragon bites you!
* * * LOW HITPOINT WARNING * * *
The acid dragon misses you.
Your Earth Magic skill increases to level 6!
Unknown command.
The centaur shouts!
You batter the centaur warrior!!
The centaur warrior is heavily wounded.
The centaur shoots an arrow.
The arrow hits you.
* * * LOW HITPOINT WARNING * * *
The arrow burns you.
* * * LOW HITPOINT WARNING * * *
The centaur shoots an arrow.
The arrow hits you but does no damage. The centaur closely misses you.
The centaur kicks you but does no damage.
The centaur shoots an arrow.
The arrow barely misses you.
The centaur warrior completely misses you.
The centaur warrior kicks you but does no damage.
The centaur wields a +0 shortbow.
The centaur shoots an arrow.
The arrow hits you but does no damage. The acid dragon misses you. x2
The centaur shoots an arrow.
The arrow hits you but does no damage.
The centaur hits you but does no damage.
The centaur barely misses you.
The centaur shoots an arrow.
The arrow hits you!
* * * LOW HITPOINT WARNING * * *
The centaur attacks as you move away! The centaur hits you.
* * * LOW HITPOINT WARNING * * *
The centaur kicks you but does no damage.
The acid dragon attacks as you move away!
The acid dragon bites you but does no damage.
The acid dragon claws you but does no damage.
You howl as the wereblood boils in your veins!
The centaur warrior hits you.
You die...

#..# #............
#..# #.>..........
#..# #............
#..# #............
#..# #............
#..# #.......:....
#..# #.....D......
#..# #........c...
#..###...8ccc...c.
#...............c.
#............=....
##################


You could see a centaur warrior, an acid dragon and 5 centaurs.

Vanquished Creatures
  Josephine (D:11)
  Urug (D:11)
  Sonja (D:10)
  Pikel (D:7)
  A hornet (D:9)
  A troll (D:11)
  Prince Ribbit (Temple)
  Grinder (D:3)
  4 slime creatures (D:11)
  A shadow (D:11)
  A wyvern (D:10)
  9 yaks
  5 wraiths
  A steam dragon (D:6)
  2 acid dragons
  3 water moccasins
  3 ice beasts
  2 sky beasts
  5 orc warriors
  A black bear (D:6)
  A centaur (D:9)
  2 ogres
  A lemure (D:6)
  A kobold brigand (D:9)
  3 bullfrogs
  2 gnoll sergeants
  2 necrophages (D:7)
  An elf skeleton (D:5)
  2 scorpions
  14 killer bees
  7 howler monkeys
  3 hounds (D:5)
  2 gnoll boudas
  4 orc priests
  A jelly (D:5)
  Terence (D:3)
  3 human skeletons (D:5)
  4 iguanas
  11 orc wizards
  8 mummies (Ossuary)
  19 gnolls
  6 adders
  An ufetubus (D:4)
  2 worms
  4 dart slugs
  39 orcs
  3 endoplasms
  3 giant cockroaches (D:1)
  9 goblins
  6 hobgoblins
  4 jackals (D:1)
  9 kobolds
  4 quokkas
  8 ball pythons
  4 bats
  2 frilled lizards
  2 gnoll zombies (Ossuary)
  A hobgoblin zombie (Ossuary)
  2 kobold zombies (Ossuary)
  An orc skeleton (D:5)
  4 orc zombies
  4 rats
255 creatures vanquished.

Vanquished Creatures (others)
  A wizard (D:9)
  An unseen horror (D:11)
  A yak (D:10)
  An orc (D:9)
  43 fungi (D:5)
  2 plants (D:2)
49 creatures vanquished.

Grand Total: 304 creatures vanquished

Notes
Turn   | Place    | Note
-------+----------+-------------------------------------------
     0 | D:1      | ytrimaz the Octopode Transmuter began the quest for the
                  | Orb.
     0 | D:1      | Reached XP level 1. HP: 13/13 MP: 3/3
   222 | D:1      | Reached XP level 2. HP: 13/18 MP: 3/5
   898 | D:1      | Learned a level 2 spell: Wereblood
  1010 | D:1      | Reached XP level 3. HP: 17/23 MP: 4/6
  1014 | D:1      | Learned a level 3 spell: Spider Form
  1796 | D:1      | Reached skill level 1 in Poison Magic
  2018 | D:2      | Reached XP level 4. HP: 24/28 MP: 7/7
  2274 | D:2      | Found a stormy altar of Qazlal.
  2439 | D:2      | Found a faded altar of an unknown god.
  2897 | D:3      | Noticed Grinder
  2919 | D:3      | Paralysed by Grinder for 3 turns
  2929 | D:3      | Paralysed by Grinder for 2 turns
  2935 | D:3      | Paralysed by Grinder for 4 turns
  2946 | D:3      | Killed Grinder
  2947 | D:3      | Reached XP level 5. HP: 33/33 MP: 5/10
  2947 | D:3      | Reached XP level 6. HP: 38/38 MP: 5/11
  3061 | D:3      | Found a hazy altar of Hepliaklqana.
  3488 | D:3      | Noticed Terence
  3500 | D:3      | Killed Terence
  3663 | D:3      | Found a runed translucent door.
  3664 | D:3      | Noticed Crazy Yiuf
  3841 | D:3      | Learned a level 4 spell: Ice Form
  3928 | D:4      | Found a transporter.
  4229 | D:4      | Found Etaecraf's CLEARANCE SALE!.
  4249 | D:4      | Found a transporter.
  4631 | D:4      | Found a snail-covered altar of Cheibriados.
  4873 | D:5      | Entered Level 5 of the Dungeon
  4941 | D:5      | Reached skill level 1 in Ice Magic
  4970 | D:5      | Found an ancient bone altar of Kikubaaqudgha.
  4993 | D:5      | Found a sand-covered staircase.
  5000 | Ossuary  | Entered an ossuary
  5031 | Ossuary  | Reached XP level 7. HP: 37/43 MP: 8/12
  5973 | D:5      | Reached XP level 8. HP: 24/48 MP: 10/14
  6144 | D:5      | Found an iron altar of Okawaru.
  6148 | D:5      | Found a sacrificial altar of Ru.
  6644 | D:5      | Reached skill level 5 in Transmutations
  7187 | D:6      | Reached skill level 5 in Spellcasting
  8066 | D:6      | HP: 1/57 [something (14)]
  8738 | D:6      | Reached XP level 9. HP: 35/53 MP: 15/18
  8750 | D:6      | Got Luerouc's Quarto of Dislocated Fascination
  9104 | D:6      | Found a broken altar of Ashenzari.
  9155 | D:6      | Found a blossoming altar of Fedhas.
  9562 | D:7      | Noticed Pikel
  9677 | D:7      | Found a staircase to the Ecumenical Temple.
  9696 | D:7      | Killed Pikel
  9704 | D:7      | Noticed Prince Ribbit
  9728 | Temple   | Entered the Ecumenical Temple
  9731 | Temple   | Killed Prince Ribbit
  9883 | D:7      | Identified the +1 scale mail of the Dwarven Hall {SInv
                  | Stlth+}
 10557 | D:8      | Reached XP level 10. HP: 55/58 MP: 18/22
 11531 | D:8      | Found Vaizuzao's General Store.
 12039 | D:9      | Identified the +1 leather armour of Imperfection {rF+
                  | Dex+4}
 12324 | D:9      | Found a staircase to the Orcish Mines.
 12324 | D:9      | Found Souffeamn's Weapon Emporium.
 12339 | D:9      | Reached skill level 10 in Transmutations
 12710 | D:9      | Found a bloodstained altar of Trog.
 12713 | D:9      | Noticed a wizard
 12718 | D:9      | Killed a wizard
 12737 | D:9      | Found a burning altar of Makhleb.
 12893 | D:9      | Noticed a centaur warrior
 12894 | D:9      | Noticed a two-headed ogre
 12894 | D:9      | Noticed a purple ugly thing
 12910 | D:9      | Reached skill level 5 in Unarmed Combat
 12959 | D:9      | Noticed Erolcha
 13384 | D:9      | Found a shimmering altar of Xom.
 13384 | D:9      | Found a shimmering altar of Xom.
 13386 | D:9      | Found a shimmering altar of Xom.
 13465 | D:9      | Found a shimmering altar of Xom.
 13465 | D:9      | Found a shimmering altar of Xom.
 13465 | D:9      | Found a shimmering altar of Xom.
 13466 | D:9      | Found a shimmering altar of Xom.
 13468 | D:9      | Found a shimmering altar of Xom.
 13586 | D:10     | Entered Level 10 of the Dungeon
 13681 | D:8      | Bought a scroll of acquirement for 780 gold pieces
 13684 | D:8      | Acquired a book of Sloth
 13695 | D:8      | Learned a level 6 spell: Statue Form
 13760 | D:10     | Noticed Sonja
 13869 | D:10     | Found Samal's Distillery.
 13991 | D:10     | Reached skill level 10 in Spellcasting
 14211 | D:10     | Reached skill level 1 in Earth Magic
 14394 | D:10     | Reached XP level 11. HP: 25/63 MP: 23/25
 14727 | D:10     | Killed Sonja
 15121 | D:10     | Found Masokyll's Weapon Boutique.
 15250 | D:11     | Noticed Josephine
 15263 | D:11     | Noticed a centaur warrior
 15265 | D:11     | Noticed Urug
 15266 | D:11     | Killed Josephine
 15408 | D:11     | Gained mutation: You are weak. (Str -2) [mutagenic glow]
 15596 | D:11     | Reached skill level 5 in Earth Magic
 15922 | D:11     | Killed Urug
 16229 | D:11     | HP: 1/81 [centaur[a centaur warrior] (4)]
 16229 | D:11     | Slain by a centaur warrior

Illustrated notes

Levels and vault maps discovered:
D:1:      erik_arrival_cave_to_civilisation [erik_arrival_cave_to_hall],
          layout_basic
D:2:      layout_loops_ring, basic_altar,
          shapermc_ecumenical_altar_mp_ritualfount
D:3:      layout_loops_ring, lemuel_round_altar,
          amcnicky_mini_rare_corridor_liquid, uniq_crazy_yiuf_cottage,
          uniq_grinder, uniq_terence
D:4:      gammafunk_steamed_eel, layout_basic, slow_altar_2,
          nicolae_shop_clearance
D:5:      layout_loops_cross, mainiacjoe_overflow_tiny_flanked,
          mainiacjoe_overflow_catch_the_wave, nicolae_ossuary_entry_catacombs,
          serial_bayou_pond_e
D:6:      layout_rooms, fedhas_altar_2, evilmike_ruin_ashenzari
D:7:      layout_cave_pools, minmay_temple_entry_statues_pillars,
          uniq_prince_ribbit1, uniq_pikel
D:8:      layout_layer_cave, serial_shops, kennysheep_mini
D:9:      layout_loops_ring, overflow_temple_1_default, xom_shifter_show,
          trog_wizard, orc_david_3, enter_bailey_3, lightli_corner_chamber,
          uniq_erolcha
D:10:     layout_loops_cross, serial_shops,
          nicolae_shop_temple_entry_statues_fountains, nicolae_shop_stone,
          uniq_sonja
D:11:     layout_long_grid, lair_entry_dummy, serial_shops, nicolae_shop_stone,
          uniq_josephine, uniq_urug
Temple:   hellmonk_temple_two_chambers

Skill      XL: |  1  2  3  4  5  6  7  8  9 10 11 |
---------------+----------------------------------+-----
Unarmed Combat | 4 5 8 |  8.2
Poison Magic   | 1 4 |  4.0
Spellcasting   | 3 4 6 8 10 | 10.0
Transmutations | 3 4 6 8 10 | 10.0
Ice Magic      | 1 4 |  4.0
Earth Magic    | 1 6 |  6.0
Fighting       | |  1.0
Dodging        | |  2.0

Action                   |  1- 3 |  4- 6 |  7- 9 | 10-12 || total
-------------------------+-------+-------+-------+-------++-------
Melee: Unarmed           |    66 |   127 |   305 |   340 ||   838
       Kick              |    21 |     7 |       |       ||    28
       Constrict         |    13 |    11 |     5 |     6 ||    35
       Tentacles         |    10 |     8 |     5 |    26 ||    49
       Punch             |       |     5 |     3 |     8 ||    16
 Cast: Beastly Appendage |    22 |    14 |     1 |       ||    37
       Spider Form       |       |    10 |     5 |       ||    15
       Ice Form          |       |     1 |    25 |    19 ||    45
       Wereblood         |       |     1 |     8 |    10 ||    19
       Statue Form       |       |       |       |    10 ||    10
  Use: Scroll            |     4 |     6 |     7 |     7 ||    24
       Potion            |       |     7 |     2 |     3 ||    12
 Stab: Sleeping          |     3 |     5 |     1 |       ||     9
Armor: Skin              |    12 |    21 |    92 |   273 ||   398
Dodge: Dodged            |    37 |   108 |   175 |   316 ||   636

Table legend: (Time is in decaauts)
 A = Elapsed time spent in this place.
 B = Non-inter-level travel time spent in this place.
 C = Inter-level travel time spent in this place.
 D = Time resting spent in this place.
 E = Time spent auto-exploring this place.
 F = Levels seen in this place.
 G = Mean time per level.
                   A        B        C        D        E       F      G
               +--------+--------+--------+--------+--------+-----+--------+
         Total |  16406 |  15899 |    507 |   3381 |  10085 |  13 | 1262.0 |
       Dungeon |  15894 |  15390 |    504 |   3135 |   9932 |  11 | 1444.9 |
        Temple |     18 |     15 |      3 |      0 |      0 |   1 |   18.0 |
       Ossuary |    493 |    493 |      0 |    246 |    153 |   1 |  493.0 |
               +--------+--------+--------+--------+--------+-----+--------+

Top non-repeatable levels by time:
     D:5: 2098 daAuts
     D:6: 2002 daAuts
     D:1: 1894 daAuts
    D:10: 1838 daAuts
     D:8: 1761 daAuts
     D:9: 1627 daAuts
     D:3: 1085 daAuts
     D:4: 984 daAuts
     D:2: 893 daAuts
    D:11: 866 daAuts
     D:7: 841 daAuts
 Ossuary: 493 daAuts
  Temple: 18 daAuts
